 Dungeon Crawl Stone Soup version 0.17.2 (webtiles) character file.

65 Charly the Insei (level 4, 0/21 HPs)
             Began as a Vine Stalker Transmuter on July 13, 2016.
             Slain by emiel's ghost (6 damage)
             ... on level 3 of the Dungeon.
             The game lasted 00:07:34 (469 turns).

Charly the Insei (Vine Stalker Transmuter)           Turns: 469, Time: 00:07:35

Health: 0/21       AC:  2    Str: 13    XL:     4   Next: 14%
Magic:  0/8        EV: 14    Int: 14    God:
Gold:   9          SH:  0    Dex: 19    Spells: 3 memorised, 1 level left

rFire  . . .     SeeInvis .       - Unarmed
rCold  . . .     Clarity  .     (armour currently unavailable)
rNeg   . . .     SustAt   .     (shield currently unavailable)
rPois  x         Gourm    .     (helmet currently unavailable)
rElec  .         Spirit   +     (cloak currently unavailable)
rCorr  .         Warding  .     (gloves currently unavailable)
rMut   .         Stasis   .     (boots currently unavailable)
MR     .....                    (no amulet)
Stlth  ++........               (no ring)
                                (no ring)

@: spider-form (expiring), not resistant to hostile enchantments, unstealthy
A: (fangs 0), regeneration 1, magic shield, (antimagic bite), no device heal 3,
rot immunity
a: End Transformation


You were on level 3 of the Dungeon.
You were not hungry.
You were a venomous arachnid creature.
You visited 1 branch of the dungeon, and saw 5 of its levels.

You collected 9 gold pieces.

Inventory:

Missiles
 a - 31 arrows
 f - 4 javelins (quivered)
 g - 15 poisoned needles
Armour
 b - a +0 robe (melded)
 j - a +0 helmet (melded)
Wands
 l - a wand of frost (27)
Potions
 e - a potion of magic
 h - a potion of curing {unknown}
Books
 c - a book of Changes

   Spells                             Type                      Level
   a - Beastly Appendage              Transmutation                1
   b - Sticks to Snakes               Transmutation                2
   c - Spider Form                    Transmutation/Poison         3
   d - Ice Form                       Ice/Transmutation            4
   e - Blade Hands                    Transmutation                5
Comestibles
 d - 2 bread rations
 k - a meat ration


   Skills:
 - Level 0.8 Fighting
 - Level 1.5 Dodging
 + Level 4.2 Unarmed Combat
 - Level 2.1 Spellcasting
 - Level 3.0 Transmutations


You had one spell level left.
You knew the following spells:

 Your Spells              Type           Power        Failure   Level  Hunger
a - Beastly Appendage     Trmt           ##....       24%         1    #......
s - Sticks to Snakes      Trmt           ##........   28%         2    ###....
S - Spider Form           Trmt/Pois      #.........   61%         3    ###....


Dungeon Overview and Level Annotations

Branches:
Dungeon (5/15)
 Temple: D:4-7

Altars:

Annotations:
D:2 Natasha
D:3 emiel's ghost, weakling OgFE


Innate Abilities, Weirdness & Mutations

((You have extremely sharp teeth.))
Your natural rate of healing is unusually fast.
When hurt, damage is shared between your health and your magic reserves.
((Your bite disrupts and absorbs the magic of your enemies.))
Potions and wands cannot restore your health.
You are immune to rotting.


Message History

You hit emiel's ghost but do no damage.
Emiel's ghost is lightly damaged.
Emiel's ghost misses you.
You barely miss emiel's ghost.
Emiel's ghost is lightly damaged.
Emiel's ghost hits you.
There is a stone staircase leading down here.
You see here a ball python corpse.
You hit emiel's ghost.
Emiel's ghost is moderately damaged.
Emiel's ghost completely misses you.
You hit emiel's ghost but do no damage.
Emiel's ghost is moderately damaged.
Emiel's ghost completely misses you.
You hit emiel's ghost.
Emiel's ghost is moderately damaged.
Emiel's ghost hits you!
* * * LOW HITPOINT WARNING * * *
Emiel's ghost hits you!
You die...

#### . ...#
?...#####..)####
.......Ws.......
..............##
..............#
..........$...+
....#.........#
....#..!....###
... #.......# ..
#.....$..


You could see emiel's ghost.

Vanquished Creatures
  Jessica (D:3)
  An ooze (D:2)
  An adder zombie (D:5)
  An orc (D:4)
  2 giant cockroaches
  2 goblins (D:1)
  3 hobgoblins
  3 jackals (D:1)
  2 ball pythons (D:3)
  2 bats
  2 giant geckos (D:3)
  2 kobolds
  A quokka skeleton (D:4)
  5 rats
28 creatures vanquished.

Vanquished Creatures (collateral kills)
  A worm (D:2)
1 creature vanquished.

Grand Total: 29 creatures vanquished

Notes
Turn   | Place    | Note
--------------------------------------------------------------
     0 | D:1      | Charly the Vine Stalker Transmuter began the quest for the Orb.
     0 | D:1      | Reached XP level 1. HP: 9/9 MP: 4/4
    82 | D:2      | Noticed Natasha
   148 | D:1      | Reached XP level 2. HP: 14/14 MP: 6/6
   183 | D:2      | Learned a level 2 spell: Sticks to Snakes
   254 | D:2      | Reached skill level 4 in Unarmed Combat
   272 | D:2      | Reached XP level 3. HP: 17/17 MP: 4/7
   281 | D:2      | Learned a level 3 spell: Spider Form
   322 | D:3      | Noticed Jessica
   333 | D:3      | Killed Jessica
   362 | D:3      | Reached XP level 4. HP: 16/21 MP: 8/8
   432 | D:5      | Entered Level 5 of the Dungeon
   454 | D:3      | Noticed emiel's ghost (weakling OgFE)
   469 | D:3      | Slain by emiel's ghost

Action                   |  1- 3 |  4- 6 || total
-------------------------+-------+-------++-------
Melee: Unarmed           |    77 |    25 ||   102
 Cast: Sticks to Snakes  |     1 |       ||     1
       Spider Form       |       |     3 ||     3
  Use: Scroll            |       |     3 ||     3
 Stab: Sleeping          |     1 |       ||     1
  Eat: Beef jerky        |     1 |       ||     1
